 Dungeon Crawl Stone Soup version 0.25.1-1-g288607f (webtiles) character file.

Game seed: 10191136928089650694

52 RonnieColeman the Conjurer (level 3, -1/23 HPs)
             Began as an Octopode Conjurer on Sept 10, 2020.
             Slain by a worker ant (3 damage)
             ... on level 5 of the Dungeon.
             The game lasted 00:03:22 (3045 turns).

RonnieColeman the Conjurer (Octopode Conjurer)      Turns: 3045, Time: 00:03:23

Health: -1/23      AC: -3    Str:  7    XL:     3   Next: 85%
Magic:  3/7        EV: 13    Int: 18    God:
Gold:   83         SH:  0    Dex: 12    Spells: 7/8 levels left

rFire    . . .     SeeInvis .   d - +0 club
rCold    . . .     Gourm    .   (no shield)
rNeg     . . .     Faith    .   (helmet restricted)
rPois    +         Spirit   .   h - amulet of the acrobat
rElec    .         Reflect  .   k - ring of poison resistance
rCorr    .         Harm     .   m - ring of stealth
MR       .....                  p - -4 ring of protection (curse)
Stlth    ++++......             (no ring)
HPRegen  0.07/turn              (no ring)
MPRegen  0.10/turn              (no ring)
                                (no ring)
                                (no ring)

@: no status effects
A: almost no armour, stealthy swim, amphibious, 8 rings, constrict 8, camouflage
1, gelatinous body 1
a: no special abilities


You were on level 5 of the Dungeon.
You were not hungry.

You visited 1 branch of the dungeon, and saw 4 of its levels.

You collected 83 gold pieces.

Inventory:

Hand Weapons
 d - a +0 club (weapon)
Jewellery
 h - an amulet of the acrobat (around mantle)
 k - a ring of poison resistance (left tentacle)
 m - a ring of stealth (right tentacle)
 p - a cursed -4 ring of protection (on tentacle)
Scrolls
 a - 2 scrolls of teleportation
 e - 4 scrolls of fog
Potions
 c - a potion of ambrosia
 f - a potion of degeneration {unknown}
 g - a potion of berserk rage {unknown}
 i - a potion of heal wounds {unknown}
 j - a potion of stabbing {unknown}
 n - a potion of invisibility {unknown}
 o - a potion of haste {unknown}
 q - a potion of resistance {unknown}
Comestibles
 b - 2 rations
 l - a chunk of flesh


   Skills:
 + Level 1.3 Fighting
 - Level 2.0 Dodging
 - Level 2.6 Stealth
 * Level 3.0 Spellcasting
 + Level 4.3 Conjurations


You had 7 spell levels left.
You knew the following spells:

 Your Spells              Type           Power        Failure   Level  Hunger
a - Magic Dart            Conj           ###.         2%          1    None

Your spell library contained the following spells:

 Spells                   Type           Power        Failure   Level  Hunger
 Searing Ray              Conj           ###...       4%          2    ##.....
 Dazzling Flash           Conj/Hex       ##....       21%         3    ###....
 Fulminant Prism          Conj/Hex       ##........   54%         4    ####...
 Iskenderun's Mystic Bla  Conj/Tloc      ##......     54%         4    ####...


Dungeon Overview and Level Annotations

Branches:
Dungeon (3/15)

Altars:
Ashenzari
Xom


Innate Abilities, Weirdness & Mutations

You cannot wear most types of armour.
You are very stealthy in the water. (Stealth+)
You are amphibious.
You can wear up to eight rings at the same time.
You can use your tentacles to constrict eight enemies at once.
Your skin changes colour to match your surroundings (Stealth+).
Your rubbery body absorbs attacks. (AC +1, EV +1)


Message History

Aiming: Magic Dart (safe; 2% risk of failure)
Press: ? - help, Shift-Dir - straight line, f/p - worker ant
Aim: a worker ant (lightly wounded)
The magic dart hits the worker ant but does no damage.
The worker ant is lightly wounded.
The worker ant completely misses you.
You hit the worker ant. You grab the worker ant.
The worker ant is moderately wounded.
You constrict the worker ant. The worker ant bites you!
The worker ant bites you.
You hit the worker ant but do no damage.
The worker ant is moderately wounded.
You constrict the worker ant, but do no damage.
The worker ant closely misses you.
You hit the worker ant but do no damage.
The worker ant is moderately wounded.
You constrict the worker ant. The worker ant bites you!
* * * LOW HITPOINT WARNING * * *
The worker ant bites you.
You die...

### # ..#.#
#####.#.#
#...a...#
#@#
#.######.##
#..........
#..#####.#.
#..# ....#
###..# #..#
#..#


You could see a worker ant.

Vanquished Creatures
  An adder (D:2)
  A worm (D:2)
  A dart slug (D:2)
  3 leopard geckos
  3 bats
  4 goblins
  A hobgoblin (D:1)
  2 ball pythons
  10 kobolds
  10 rats
36 creatures vanquished.

Notes
Turn   | Place    | Note
-------+----------+-------------------------------------------
     0 | D:1      | RonnieColeman the Octopode Conjurer began the quest for the
                  | Orb.
     0 | D:1      | Reached XP level 1. HP: 11/11 MP: 3/3
   250 | D:1      | Reached XP level 2. HP: 11/18 MP: 5/5
  1662 | D:2      | Found a shimmering altar of Xom.
  1809 | D:2      | Reached skill level 1 in Fighting
  1809 | D:2      | Reached XP level 3. HP: 19/23 MP: 7/7
  3012 | D:3      | Found a shattered altar of Ashenzari.
  3034 | D:3      | You fall into a shaft and drop 2 floors!
  3034 | D:5      | Entered Level 5 of the Dungeon
  3045 | D:5      | Slain by a worker ant

Illustrated notes

Levels and vault maps discovered:
D:1:      lightli_arrival_windingriver, layout_basic, minmay_pentomino_u2
D:2:      minmay_kobold_bridge, layout_basic, lemuel_doored_altar,
          serial_bayou_ford_a
D:3:      layout_loops_ring, first_ration, minmay_misc_feat_pillars,
          ashenzari_altar_1
D:5:      cheibrodos_two_vegetables, layout_basic, serial_co_window_serial,
          co_window_paths_b, co_window_paths_b, co_window_paths_b,
          co_window_paths_b, co_window_corner_a, co_window_paths_b,
          co_window_paths_b, co_window_corner_ca, co_window_of_opportunity_b,
          co_window_2corner, co_window_sun, glass_columns_b, glass_columns_a,
          glass_columns_a, glass_columns_c

Skill      XL: |  1  2  3 |
---------------+----------+-----
Fighting       | 1 |  1.3
Spellcasting   | 3 |  3.0
Dodging        | |  2.0
Stealth        | |  2.6
Conjurations   | |  4.3

Action                   || total
-------------------------++-------
Melee: Club              ||    74
       Constrict         ||    20
       Tentacles         ||    11
 Cast: Magic Dart        ||    29
  Use: Scroll            ||     5
 Stab: Sleeping          ||     5
  Eat: Chunk             ||     7
Armor: Skin              ||     2
Dodge: Dodged            ||    84
